 Dungeon Crawl Stone Soup version 0.25.1-2-g60ff931df9 (webtiles) character file.

Game seed: 7406321459642203847

285781 Froggeryz the Hoplite (level 20, -14/144 HPs)
             Began as a Gargoyle Fighter on Sept 14, 2020.
             Was the Champion of Okawaru.
             Killed from afar by a deep elf annihilator (44 damage)
             ... with a crystal spear
             ... on level 3 of the Elven Halls on Oct 11, 2020.
             The game lasted 01:10:05 (38507 turns).

Froggeryz the Hoplite (Gargoyle Fighter)           Turns: 38507, Time: 01:10:06

Health: -14/144    AC: 58    Str: 28    XL:     20   Next: 62%
Magic:  27/27      EV:  0    Int: 13    God:    Okawaru [******]
Gold:   2139       SH: 41    Dex: 19    Spells: 27/29 levels left

rFire    . . .     SeeInvis .   R - +6 eveningstar (holy)
rCold    + . .     Gourm    .   I - +18 shield of the Gong {rElec rN+ MR+ EV-5}
rNeg     + + .     Faith    .   P - +13 crystal plate armour of the Blind Marksman {Stlth+}
rPois    ∞         Spirit   .   h - +0 helmet {Int+3}
rElec    +         Reflect  +   M - +2 cloak of Inaction {Str+4 Dex+3}
rCorr    .         Harm     .   x - +0 pair of gloves
MR       ++...                  W - +2 pair of boots
Stlth    ..........             Y - amulet "Jeirphon" {Reflect Int-3 Dex+6 SH+5}
HPRegen  0.34/turn              L - +4 ring of slaying
MPRegen  0.20/turn              H - ring of protection from cold

@: about to teleport
A: big wings, negative energy resistance 1, electricity resistance, unbreathing,
petrification resistance, rot immunity, AC +15
}: 2/15 runes: decaying, serpentine
a: Fly, Heroism, Finesse, Renounce Religion


You were on level 3 of the Elven Halls.
You worshipped Okawaru.
Okawaru was exalted by your worship.
You were very hungry.

You visited 6 branches of the dungeon, and saw 34 of its levels.
You visited the Abyss 1 time.
You also visited: Bailey and Ice Cave.

You collected 4935 gold pieces.
You spent 2796 gold pieces at shops.

Inventory:

Hand Weapons
 v - the +2 morningstar of Dismemberment {vamp, rPois Int+4}
   (Okawaru gifted it to you on level 14 of the Dungeon)

   It inflicts no extra harm, but heals its wielder when it wounds a living foe.
   It affects your intelligence (+4).
   It protects you from poison.
 R - a +6 eveningstar of holy wrath (weapon)
Missiles
 s - 14 curare-tipped darts (quivered)
 N - 13 javelins
Armour
 h - a +0 helmet of intelligence (worn)
 x - a +0 pair of gloves (worn)
 I - the +18 shield of the Gong (worn) {rElec rN+ MR+ EV-5}
   (You acquired it in a bailey)

   It affects your evasion (-5).
   It insulates you from electricity.
   It protects you from negative energy.
   It affects your resistance to hostile enchantments.
 M - the +2 cloak of Inaction (worn) {Str+4 Dex+3}
   (You found it on level 2 of the Elven Halls)

   It affects your strength (+4).
   It affects your dexterity (+3).
 P - the +13 crystal plate armour of the Blind Marksman (worn) {Stlth+}
   (You acquired it on level 14 of the Dungeon)

   It makes you more stealthy.
 W - a +2 pair of boots (worn)
Jewellery
 q - an uncursed ring of resist corrosion
 u - an uncursed ring of ice
 H - a ring of protection from cold (right hand)
 J - the amulet "Dutiz" {Acrobat rC++ MP+9 Str+4}
   (You found it on level 7 of the Dungeon)

   [amulet of the acrobat]

   It helps you evade while moving and waiting.
   It affects your strength (+4).
   It greatly protects you from cold.
   It affects your magic capacity (+9).
 L - a +4 ring of slaying (left hand)
 O - an uncursed ring of protection from fire
 Y - the amulet "Jeirphon" (around neck) {Reflect Int-3 Dex+6 SH+5}
   (You bought it in a shop on level 11 of the Dungeon)

   [amulet of reflection]

   It shields you and reflects attacks.
   It affects your intelligence (-3).
   It affects your dexterity (+6).
   It affects your SH (+5).
Wands
 c - a wand of clouds (6)
 e - a wand of acid (8)
 A - a wand of polymorph (19)
 C - a wand of digging (8)
 E - a wand of enslavement (14)
 Q - a wand of flame (20)
 V - a wand of iceblast (35)
 X - a wand of paralysis (8)
Scrolls
 i - 6 scrolls of identify
 j - 8 scrolls of fear
 k - 4 scrolls of magic mapping
 n - 10 scrolls of immolation
 p - 13 scrolls of remove curse
 t - 7 scrolls of blinking
 y - 7 scrolls of fog
 z - 2 scrolls of holy word
 B - a scroll of enchant weapon
 D - 5 scrolls of noise
 F - 2 scrolls of brand weapon
 G - 9 scrolls of teleportation
 Z - 2 scrolls of summoning
Potions
 a - a potion of ambrosia
 b - 3 potions of cancellation
 d - 4 potions of might
 l - 3 potions of haste
 m - 15 potions of curing
 r - 4 potions of mutation
 w - 3 potions of resistance
 T - 4 potions of berserk rage
Comestibles
 f - 59 rations


   Skills:
 * Level 21.0 Fighting
 - Level 17.3 Maces & Flails
 - Level 5.5 Throwing
 - Level 10.0 Armour
 + Level 21.3 Shields
 - Level 5.0 Spellcasting
 - Level 5.2 Invocations
 - Level 6.1 Evocations


You had 27 spell levels left.
You knew the following spells:

 Your Spells              Type           Power        Failure   Level  Hunger
a - Blink                 Tloc           N/A          100%        2    ##.....

Your spell library contained the following spells:

 Spells                   Type           Power        Failure   Level  Hunger
 Animate Skeleton         Necr           N/A          99%         1    None
 Apportation              Tloc           #.....       99%         1    None
 Corona                   Hex            #......      99%         1    None
 Magic Dart               Conj           #...         99%         1    None
 Shock                    Conj/Air       #...         99%         1    None
 Sting                    Tmut/Pois      #...         99%         1    None
 Summon Small Mammal      Summ           #...         99%         1    None
 Call Imp                 Summ           #.......     100%        2    ##.....
 Poisonous Vapours        Pois/Air       #.....       100%        2    ##.....
 Searing Ray              Conj           #.....       100%        2    ##.....
 Shroud of Golubria       Chrm/Tloc      #.....       100%        2    ##.....
 Slow                     Hex            #.......     100%        2    ##.....
 Swiftness                Chrm/Air       #.......     100%        2    ##.....
 Conjure Flame            Conj/Fire      #.......     100%        3    ###....
 Dazzling Flash           Conj/Hex       #.....       100%        3    ###....
 Gell's Gravitas          Tloc           #.........   100%        3    ###....
 Ignite Poison            Fire/Tmut/Pois #.......     100%        3    ###....
 Inner Flame              Hex/Fire       #.......     100%        3    ###....
 Lesser Beckoning         Tloc           #.........   100%        3    ###....
 Mephitic Cloud           Conj/Pois/Air  #.......     100%        3    ###....
 Portal Projectile        Hex/Tloc       #.....       100%        3    ###....
 Recall                   Summ/Tloc      N/A          100%        3    ###....
 Static Discharge         Conj/Air       #.......     100%        3    ###....
 Teleport Other           Tloc           #.......     100%        3    ###....
 Airstrike                Air            #.........   100%        4    ####...
 Animate Dead             Necr           N/A          100%        4    ####...
 Cause Fear               Hex            #.........   100%        4    ####...
 Fulminant Prism          Conj/Hex       #.........   100%        4    ####...
 Ice Form                 Ice/Tmut       #.......     100%        4    ####...
 Iskenderun's Mystic Bla  Conj/Tloc      #.......     100%        4    ####...
 Leda's Liquefaction      Hex/Erth       #.........   100%        4    ####...
 Olgreb's Toxic Radiance  Pois           #.......     100%        4    ####...
 Passage of Golubria      Tloc           N/A          100%        4    ####...
 Summon Lightning Spire   Summ/Air       #.......     100%        4    ####...
 Aura of Abjuration       Summ           #.........   100%        5    ######.
 Bolt of Magma            Conj/Fire/Erth #.........   100%        5    ######.
 Borgnjor's Vile Clutch   Necr/Erth      #.........   100%        5    ######.
 Excruciating Wounds      Chrm/Necr      #.........   100%        5    ######.
 Iskenderun's Battlesphe  Conj/Chrm      #.......     100%        5    ######.
 Lightning Bolt           Conj/Air       #.........   100%        5    ######.
 Metabolic Englaciation   Hex/Ice        #.........   100%        5    ######.
 Summon Demon             Summ           #.........   100%        5    ######.
 Summon Forest            Summ/Tloc      #.........   100%        5    ######.
 Summon Mana Viper        Hex/Summ       #.......     100%        5    ######.
 Death Channel            Necr           #.........   100%        6    #######
 Freezing Cloud           Conj/Ice/Air   #.........   100%        6    #######
 Iron Shot                Conj/Erth      #.........   100%        6    #######
 Ozocubu's Refrigeration  Ice            #.........   100%        6    #######
 Shadow Creatures         Summ           N/A          100%        6    #######
 Simulacrum               Ice/Necr       #.........   100%        6    #######
 Orb of Destruction       Conj           #.........   100%        7    #######
 Spellforged Servitor     Conj/Summ      #.........   100%        7    #######
 Dragon's Call            Summ           #.........   100%        9    #######
 Shatter                  Erth           #.........   100%        9    #######
 Sublimation of Blood     Necr           Unusable     N/A         2    N/A
 Statue Form              Tmut/Erth      Unusable     N/A         6    N/A

Dungeon Overview and Level Annotations

Branches:
Dungeon (15/15)            Temple (0/1) D:7            Lair (6/6) D:9
  Swamp (4/4) Lair:2        Snake (4/4) Lair:2        Slime (0/5) Lair:5
    Orc (2/2) D:10            Elf (3/3) Orc:2        Vaults (0/5) D:13
 Depths (0/5) D:15         Bailey (visited)           IceCv (visited)

Altars:
Fedhas
Okawaru
Ru
Trog
Uskayaw
Xom
The Shining One
Beogh
Jiyva

Shops:
D:8 (   D:10 (*   D:11 =   D:15 :   Orc:2 =**%   Elf:1 }   Elf:2 *}=   Elf:3 ([
Snake:1 (

Annotations:
D:4 3 runed translucent doors, luab's ghost, novice GnTm
Lair:5 1 runed translucent door


Innate Abilities, Weirdness & Mutations

You are resistant to torment.
Your stone body is resilient. (AC +15)
You are immune to poison.
Your large and strong wings let you fly indefinitely.
You resist negative energy. (rN+)
You are resistant to electric shocks. (rElec)
You can survive without breathing.
You are immune to petrification.
You are immune to rotting.


Message History

The deep elf master archer wields a +4 longbow.
The deep elf master archer shoots an arrow.
GONNNNG!
You reflect the arrow off an invisible shield around you!
The arrow hits the deep elf master archer!!
The deep elf elementalist gestures wildly while chanting.
The deep elf elementalist seems to speed up.
The deep elf elementalist gestures wildly while chanting.
The deep elf elementalist seems to speed up.
You hear a shout!
The deep elf master archer shoots an arrow.
BONNNG!
You reflect the arrow off an invisible shield around you!
The arrow hits the deep elf master archer!!
The deep elf demonologist mumbles some strange words.
The deep elf elementalist gestures wildly while chanting.
The deep elf elementalist seems to speed up.
The deep elf annihilator points at you and mumbles some strange words.
The crystal spear hits you!!!
You die...

....#...# ....#...#..
....#...#..## #...#...#
#... ### #...'...# #...
..### ⌠...#...#
.....##e..####'
....#...#......#......e..
⌠...# .......##....(e8e.8
#...# ......e...@ee..e...
'...#...#..##############
#...#............
#...#...........
#...#.......... .
#...#....e'#######.(
#...#....EEE....('..
#...#.E...e[.....#..
#...#.....e.(....#..


You could see a deep elf master archer, a deep elf annihilator, a deep elf death
mage, a deep elf sorcerer, 3 deep elf elementalists and a deep elf demonologist.

Vanquished Creatures
  Vashnia (Snake:4)
  Nikola (Swamp:4)
  A hellephant (Abyss:2)
  A deep elf blademaster (Elf:2)
  2 tentacled starspawn (Abyss:2)
  A thorn hunter (Swamp:3)
  Donald (Swamp:4)
  Roxanne (D:15)
  10 nagarajas
  Louise (Swamp:1)
  The ghost of Thomus the Sorcerer, an adept DECj of Vehumet (Elf:2)
  An orc warlord (Bailey)
  A deep elf sorcerer (Elf:3)
  2 deep elf elementalists
  3 very ugly things
  A starcursed mass (Abyss:2)
  Nessos (D:15)
  A deep elf demonologist (Elf:3)
  A deep elf death mage (Elf:1)
  Snorg (D:10)
  An ogre mage (D:15)
  4 fire dragons
  2 vault guards (D:13)
  4 shambling mangroves
  14 hydras
  2 ghost crabs
  8 anacondas
  13 naga warriors
  3 centaur warriors
  15 alligators
  7 two-headed ogres
  A tengu warrior (D:13)
  A queen ant (Lair:2)
  24 dancing weapons
  8 death yaks
  A thrashing horror (Abyss:2)
  3 orc high priests
  2 shock serpents
  Urug (Lair:2)
  13 naga sharpshooters
  13 deep elf knights
  Nergalle (D:10)
  2 salamander mystics (Snake:4)
  A sixfirhy (Abyss:2)
  A deep troll (shapeshifter) (D:15)
  2 wizards
  An unseen horror (D:12)
  5 swamp dragons
  A wolf spider zombie (D:15)
  7 deep elf archers
  2 lindwurms
  Pikel (D:5)
  10 naga ritualists
  44 deep elf magi
  7 mana vipers
  5 necromancers
  6 orc knights
  4 orc sorcerers
  A wolf spider (D:15)
  20 ugly things
  3 oklob plants
  4 large abominations
  3 manticores
  9 salamanders
  3 cyclopes
  2 worldbinders (Abyss:2)
  2 centaur zombies
  4 guardian serpents
  5 ice statues (IceCv)
  2 gargoyles
  16 naga magi
  A smoke demon (Abyss:2)
  37 black mambas
  2 molten gargoyles (Lair:6)
  A torpor snail (Lair:4)
  16 spiny frogs
  A freezing wraith (Abyss:2)
  8 komodo dragons
  A yaktaur (D:13)
  An anaconda simulacrum (IceCv)
  3 rime drakes
  A tengu conjurer (D:10)
  An efreet (D:10)
  2 ancient zymes (Abyss:2)
  3 meliai (D:14)
  A queen bee (Lair:3)
  9 trolls
  20 hornets
  14 tyrant leeches
  3 raiju (Abyss:2)
  13 slime creatures
  2 bog bodies
  A meliai zombie (D:14)
  6 hippogriffs
  4 air elementals
  2 dire elephant simulacra (IceCv)
  Sigmund (D:2)
  61 yaks
  6 water elementals
  A ynoxinul (Abyss:2)
  8 spriggans
  3 shadows
  7 wyverns
  A vampire (D:11)
  6 basilisks
  4 fire bats (Swamp:4)
  2 hungry ghosts
  3 fire elementals
  A steam dragon (Swamp:4)
  18 humans (D:13)
  A chaos spawn (Abyss:2)
  A neqoxec (Abyss:2)
  23 vampire mosquitoes
  A warg (Orc:1)
  15 swamp worms
  3 harpy simulacra (IceCv)
  An acid dragon (D:14)
  3 hydra simulacra (IceCv)
  43 nagas
  8 soldier ants
  An insubstantial wisp (Swamp:4)
  Duvessa (D:6)
  A floating eye (shapeshifter) (D:15)
  5 hell hounds (Lair:6)
  9 water moccasins
  14 porcupines
  28 orc warriors
  13 ice beasts
  11 swamp drakes
  2 black bears
  An eye of draining (D:13)
  8 sky beasts
  A phantom (D:9)
  5 centaurs
  12 wolves
  16 ogres
  18 crocodiles
  4 elf zombies (Elf:1)
  3 big kobolds
  19 bullfrogs
  2 earth elementals (Elf:2)
  A gnoll sergeant (D:11)
  Dowan (D:6)
  3 wyvern skeletons
  6 scorpions
  39 killer bees
  14 wights
  5 howler monkeys
  An electric eel (Lair:2)
  6 crimson imps
  2 bullfrog zombies
  5 lava snakes (Lair:6)
  7 jellies
  3 quasits
  2 small abominations (Abyss:2)
  6 hounds
  20 orc wizards
  16 orc priests
  2 bullfrog skeletons
  Crazy Yiuf (D:3)
  3 centaur skeletons
  Jessica (D:2)
  30 worker ants
  4 iguanas
  A hell rat (Lair:3)
  A killer bee zombie (D:10)
  A hound skeleton (D:4)
  2 hound zombies
  A howler monkey zombie (D:6)
  A worker ant zombie (D:9)
  5 gnolls
  13 adders
  3 shadow imps
  An ufetubus (Abyss:2)
  An ooze (D:2)
  2 adder skeletons
  3 worms
  4 dart slugs
  10 leopard geckos
  80 orcs
  9 bats
  7 giant cockroaches
  11 goblins
  11 hobgoblins
  14 jackals
  34 kobolds
  5 quokkas
  A ball python (D:1)
  A ball python zombie (D:5)
  A frilled lizard (D:3)
  A giant cockroach zombie (D:6)
  2 leopard gecko skeletons
  2 leopard gecko zombies
  4 rats
  2 fungi (D:9)
  A plant (Lair:5)
1308 creatures vanquished.

Vanquished Creatures (collateral kills)
  A kobold (D:14)
1 creature vanquished.

Vanquished Creatures (others)
  An eldritch tentacle (Elf:2)
  A deep elf demonologist (Elf:1)
  A spriggan (Swamp:1)
  A naga sharpshooter (Snake:2)
  5 swamp dragons (Swamp:4)
  2 lindwurms (Swamp:4)
  A deep elf archer (Elf:1)
  2 deep elf magi (Elf:1)
  An ugly thing (D:14)
  A naga mage (Snake:4)
  A hornet (Swamp:1)
  A bog body (Swamp:4)
  4 steam dragons (Swamp:4)
  A vampire mosquito (Swamp:1)
  A naga (Lair:2)
  2 insubstantial wisps (Swamp:4)
  A swamp worm (Swamp:4)
  2 slaves (D:6)
  7 swamp drakes (Swamp:4)
  A crocodile (Lair:1)
  An electric eel (D:10)
  An orc wizard (Orc:2)
  2 worker ants
  An ufetubus (Abyss:2)
  11 fungi
  2 plants
  9 starspawn tentacles (Abyss:2)
64 creatures vanquished.

Grand Total: 1373 creatures vanquished

Notes
Turn   | Place    | Note
-------+----------+-------------------------------------------
     0 | D:1      | Froggeryz the Gargoyle Fighter began the quest for the Orb.
     0 | D:1      | Reached XP level 1. HP: 14/14 MP: 1/1
   224 | D:1      | Reached XP level 2. HP: 19/19 MP: 2/2
   561 | D:1      | Reached XP level 3. HP: 21/23 MP: 3/3
  1013 | D:2      | Noticed Jessica
  1020 | D:2      | Killed Jessica
  1047 | D:2      | Reached XP level 4. HP: 28/28 MP: 4/4
  1298 | D:2      | Noticed Sigmund
  1351 | D:2      | Killed Sigmund
  1351 | D:2      | Reached skill level 5 in Maces & Flails
  1351 | D:2      | Reached XP level 5. HP: 22/32 MP: 5/5
  1351 | D:2      | Reached XP level 6. HP: 25/37 MP: 6/6
  1605 | D:2      | Reached skill level 5 in Shields
  1895 | D:3      | Found an iron altar of Okawaru.
  1897 | D:3      | Found a shimmering altar of Xom.
  1903 | D:3      | Became a worshipper of Warmaster Okawaru
  2207 | D:3      | Found a runed translucent door.
  2208 | D:3      | Noticed Crazy Yiuf
  2706 | D:3      | Killed Crazy Yiuf
  2982 | D:4      | Reached XP level 7. HP: 43/43 MP: 7/7
  3069 | D:4      | Found a runed translucent gate.
  3069 | D:4      | Found a runed translucent gate.
  3070 | D:4      | Found a runed translucent gate.
  3072 | D:4      | Noticed luab's ghost (novice GnTm)
  3073 | D:4      | Identified the +1 leather armour of the Land of Plenty {rN+
                  | MR- Slay+6 Stlth+}
  3075 | D:4      | Found a roughly hewn altar of Beogh.
  3098 | D:4      | Found a sacrificial altar of Ru.
  3251 | D:5      | Entered Level 5 of the Dungeon
  3257 | D:5      | Reached * piety under Okawaru
  3292 | D:5      | Reached skill level 5 in Fighting
  3395 | D:5      | Reached XP level 8. HP: 28/49 MP: 8/8
  4041 | D:6      | Noticed Pikel
  4093 | D:5      | Killed Pikel
  4093 | D:5      | Reached ** piety under Okawaru
  4093 | D:5      | Reached skill level 5 in Armour
  4305 | D:6      | Noticed Duvessa
  4306 | D:6      | Noticed Dowan
  4317 | D:6      | Killed Duvessa
  4317 | D:6      | Reached XP level 9. HP: 42/54 MP: 9/9
  4322 | D:6      | Killed Dowan
  4681 | D:6      | Reached *** piety under Okawaru
  4803 | D:6      | Reached skill level 10 in Maces & Flails
  5126 | D:6      | Reached skill level 1 in Throwing
  5189 | D:6      | Found a glowing golden altar of the Shining One.
  5634 | D:7      | Found a staircase to the Ecumenical Temple.
  5800 | D:7      | Got a pitted lead amulet
  6148 | D:8      | Found Ozxotaesch's Weapon Emporium.
  6174 | D:8      | Reached **** piety under Okawaru
  6178 | D:8      | Reached XP level 10. HP: 59/59 MP: 10/10
  6187 | D:8      | Got a twisted mace
  6188 | D:8      | Identified the +10 mace of Biatsuipp {vorpal, Str-2 Dex+4}
                  | (You found it on level 8 of the Dungeon)
  6189 | D:8      | Identified the amulet "Dutiz" {Acrobat rC++ MP+9 Str+4}
                  | (You found it on level 7 of the Dungeon)
  6252 | D:8      | Got a dazzling cloak
  6253 | D:8      | Identified the +1 cloak "Buinnon" {Dex+3} (You found it on
                  | level 8 of the Dungeon)
  6377 | D:8      | Learned a level 2 spell: Blink
  7094 | D:9      | Found a staircase to the Lair.
  7412 | D:9      | Reached ***** piety under Okawaru
  7563 | D:9      | Reached skill level 5 in Throwing
  7642 | D:9      | Received a gift from Okawaru
  7656 | D:9      | Reached XP level 11. HP: 25/63 MP: 11/11
  7939 | Lair:1   | Entered Level 1 of the Lair of Beasts
  8057 | Lair:1   | Reached skill level 1 in Invocations
  8066 | Lair:1   | Received a gift from Okawaru
  8388 | Lair:1   | Received a gift from Okawaru
  9320 | Lair:2   | Reached skill level 5 in Invocations
  9779 | Lair:2   | Found a staircase to the Swamp.
  9832 | Lair:2   | Noticed Urug
  9850 | Lair:2   | Killed Urug
 10074 | Lair:2   | Reached XP level 12. HP: 46/68 MP: 15/15
 10111 | Lair:2   | Found a staircase to the Snake Pit.
 10481 | Snake:1  | Entered Level 1 of the Snake Pit
 10481 | Snake:1  | Noticed an anaconda
 10494 | Lair:3   | Noticed a five-headed hydra
 10546 | Lair:2   | Killed a five-headed hydra
 10792 | Lair:3   | Noticed a queen ant
 10825 | Lair:2   | Killed a queen ant
 11094 | Lair:2   | Reached skill level 15 in Maces & Flails
 11146 | Lair:3   | Noticed a five-headed hydra
 11544 | Lair:3   | Killed a five-headed hydra
 11544 | Lair:3   | Reached ****** piety under Okawaru
 11547 | Lair:3   | Received a gift from Okawaru
 11586 | Lair:3   | Reached skill level 10 in Shields
 12543 | Lair:3   | Reached XP level 13. HP: 15/72 MP: 16/16
 13962 | Lair:5   | Found a runed translucent door.
 13964 | Lair:5   | Found a viscous altar of Jiyva.
 13964 | Lair:5   | Found a staircase to the Slime Pits.
 13998 | Lair:4   | Received a gift from Okawaru
 14616 | Lair:5   | Received a gift from Okawaru
 15734 | Lair:6   | Entered Level 6 of the Lair of Beasts
 15780 | Lair:6   | Received a gift from Okawaru
 16074 | Lair:6   | Got a crude crystal plate armour {god gift}
 16075 | Lair:6   | Identified the +10 crystal plate armour "Akituse" {+Inv
                  | +Fly Int+4} (Okawaru gifted it to you on level 6 of the
                  | Lair of Beasts)
 16278 | Lair:6   | Found a hide-covered altar of Uskayaw.
 16487 | Lair:6   | Got a smoking plate armour
 16488 | Lair:6   | Identified the cursed +1 plate armour "Ozucim" {rN++ Regen+
                  | Str-5} (You found it on level 6 of the Lair of Beasts)
 16896 | Lair:6   | Gained mutation: Your large and strong wings let you fly
                  | indefinitely. [Gargoyle growth]
 16896 | Lair:6   | Reached XP level 14. HP: 71/80 MP: 17/17
 17020 | Lair:6   | Found a large runed translucent door.
 17020 | Lair:6   | Found a large runed translucent door.
 17889 | D:10     | Entered Level 10 of the Dungeon
 17889 | D:10     | Found a staircase to the Orcish Mines.
 18085 | D:10     | Noticed Snorg
 18110 | D:10     | Killed Snorg
 18425 | D:10     | Reached skill level 15 in Shields
 18569 | D:10     | Found Noash's General Store.
 18571 | D:10     | Found Mytong's Weapon Shop.
 18575 | D:10     | Noticed Nergalle
 18583 | D:10     | Bought a scroll of blinking for 112 gold pieces
 18704 | D:10     | Killed Nergalle
 18845 | D:10     | Received a gift from Okawaru
 18954 | Orc:1    | Entered Level 1 of the Orcish Mines
 19277 | Orc:1    | Found a roughly hewn altar of Beogh.
 19479 | Orc:2    | Entered Level 2 of the Orcish Mines
 19490 | Orc:2    | Found a bloodstained altar of Trog.
 19935 | Orc:2    | Reached skill level 1 in Evocations
 20490 | Orc:2    | Paralysed by an orc sorcerer for 5 turns
 20558 | Orc:2    | Found a roughly hewn altar of Beogh.
 20706 | Orc:2    | Found a staircase to the Elven Halls.
 20925 | Orc:2    | Found Xuklar's Assorted Antiques.
 20925 | Orc:2    | Found Fecutwett's Jewellery Boutique.
 20927 | Orc:2    | Found Buanuwk's Food Emporium.
 20927 | Orc:2    | Found Meixem's Assorted Antiques.
 20948 | Orc:2    | Bought a scroll labeled DUESAOKHLIP for 33 gold pieces
 20948 | Orc:2    | Bought a scroll labeled JECUIR FIST for 33 gold pieces
 20948 | Orc:2    | Bought a scroll labeled JECUIR FIST for 33 gold pieces
 21470 | D:11     | You are sucked into a shaft and drop 3 floors!
 21586 | D:14     | Noticed a white very ugly thing
 21605 | D:14     | Killed a white very ugly thing
 21664 | D:14     | Received a gift from Okawaru
 21731 | D:14     | Reached XP level 15. HP: 87/91 MP: 18/18
 21874 | D:14     | Found a flagged portal.
 21884 | Bailey   | Entered a bailey
 21909 | Bailey   | Noticed an orc warlord
 21976 | Bailey   | Found a runed translucent gate.
 21977 | Bailey   | Found a runed translucent gate.
 21982 | Bailey   | Found a runed translucent gate.
 22102 | Bailey   | Killed an orc warlord
 22129 | Bailey   | Identified a scroll of acquirement
 22129 | Bailey   | Acquired the +18 shield of the Gong {rElec rN+ MR+ EV-5}
 22130 | Bailey   | Found the +18 shield of the Gong {rElec rN+ MR+ EV-5}
 22314 | D:14     | Identified the +5 rapier "Jaguc" {venom, *Corrode rN+++
                  | Str+4}
 22328 | D:14     | HP: 2/92 [meliai/divine providence (11)]
 22763 | D:13     | Reached skill level 10 in Fighting
 22821 | D:13     | Reached skill level 5 in Evocations
 22973 | D:13     | Found a gate to the Vaults.
 24361 | D:11     | Paralysed by a wight for 3 turns
 24379 | D:11     | Reached skill level 10 in Armour
 24572 | D:11     | Found Muythr Gi Kof's Jewellery Shop.
 24580 | D:11     | Bought the amulet "Jeirphon" {Reflect Int-3 Dex+6 SH+5} for
                  | 606 gold pieces
 24792 | D:13     | Reached skill level 5 in Spellcasting
 24792 | D:13     | Reached XP level 16. HP: 99/99 MP: 19/23
 24793 | D:13     | Acquired a manual of Shields
 25230 | D:14     | Received a gift from Okawaru
 25231 | D:14     | Got a dazzling morningstar {god gift}
 25232 | D:14     | Identified the +2 morningstar of Dismemberment {vamp, rPois
                  | Int+4} (Okawaru gifted it to you on level 14 of the
                  | Dungeon)
 25408 | D:14     | You are sucked into a shaft and drop 1 floor!
 25408 | D:15     | Entered Level 15 of the Dungeon
 25465 | D:15     | Noticed Nessos
 25516 | D:15     | Killed Nessos
 25612 | D:15     | Received a gift from Okawaru
 25651 | D:15     | Reached XP level 17. HP: 106/106 MP: 24/24
 25757 | D:15     | Found Cantabig's Book Boutique.
 25767 | D:15     | Bought a book of Spatial Translocations for 845 gold pieces
 25781 | D:15     | Got a transparent helmet
 25792 | D:15     | Identified the cursed +0 helmet of Gehenna {Int+2} (You
                  | found it on level 15 of the Dungeon)
 25828 | D:15     | Found a staircase to the Depths.
 25890 | D:15     | Noticed Roxanne
 25912 | D:15     | Killed Roxanne
 26350 | D:14     | You are sucked into a shaft and drop 1 floor!
 26406 | D:14     | Acquired the +13 crystal plate armour of the Blind Marksman
                  | {Stlth+}
 26792 | Swamp:1  | Entered Level 1 of the Swamp
 27063 | Swamp:1  | Received a gift from Okawaru
 27064 | Swamp:1  | Got a smouldering morningstar {god gift}
 27141 | Swamp:1  | Identified the +6 morningstar of the Forest {flame, rPois
                  | rF- rC+ rN+} (Okawaru gifted it to you on level 1 of the
                  | Swamp)
 27226 | Swamp:1  | Noticed Louise
 27245 | Swamp:1  | Killed Louise
 27907 | Swamp:2  | Received a gift from Okawaru
 28193 | Swamp:2  | Found a frozen archway.
 28205 | IceCv    | Entered an ice cave
 29666 | Swamp:4  | Entered Level 4 of the Swamp
 29810 | Swamp:4  | Noticed Nikola
 29830 | Swamp:4  | Killed Nikola
 29887 | Swamp:4  | Reached XP level 18. HP: 105/118 MP: 25/25
 29901 | Swamp:4  | Received a gift from Okawaru
 29972 | Swamp:4  | Noticed Donald
 29981 | Swamp:4  | Reached skill level 15 in Fighting
 29991 | Swamp:4  | Killed Donald
 30554 | Swamp:4  | Got a decaying rune of Zot
 31438 | Snake:1  | Found Coad's Weapon Shoppe.
 31836 | Snake:2  | Found a blossoming altar of Fedhas.
 33188 | Snake:3  | Received a gift from Okawaru
 33657 | Snake:4  | Entered Level 4 of the Snake Pit
 33777 | Snake:4  | Received a gift from Okawaru
 33968 | Snake:4  | Reached XP level 19. HP: 128/128 MP: 26/26
 34525 | Snake:4  | Received a gift from Okawaru
 34563 | Snake:4  | Got a serpentine rune of Zot
 34653 | Snake:4  | Noticed Vashnia
 34659 | Snake:4  | Killed Vashnia
 34745 | Snake:4  | Acquired 1200 gold pieces
 35232 | Elf:1    | Entered Level 1 of the Elven Halls
 35272 | Elf:1    | Noticed a Tzitzimitl
 35334 | Elf:1    | Received a gift from Okawaru
 35599 | Elf:1    | Identified Itonetam's Handbook of Calling
 35778 | Elf:1    | Identified Mej Qer's Reference Book on Black Arts
 36095 | Elf:1    | Found Ipysh's Gadget Shop.
 36534 | Elf:2    | Found Bonuett's Jewellery Emporium.
 36828 | Elf:2    | Bought a +4 ring of slaying for 1092 gold pieces
 36878 | Elf:2    | Found Ujedoam's General Store.
 36889 | Elf:2    | Bought a potion of curing for 42 gold pieces
 37071 | Elf:2    | Reached XP level 20. HP: 140/140 MP: 27/27
 37103 | Elf:2    | Found a runed translucent gate.
 37103 | Elf:2    | Found a runed translucent gate.
 37103 | Elf:2    | Found a runed translucent gate.
 37167 | Elf:2    | Found a runed translucent gate.
 37167 | Elf:2    | Found a runed translucent gate.
 37167 | Elf:2    | Found a runed translucent gate.
 37168 | Elf:2    | Noticed Thomus's ghost (adept DECj)
 37189 | Elf:2    | Found Xemu's Gadget Emporium.
 37235 | Elf:2    | Killed Thomus's ghost
 37298 | Elf:2    | Got a faintly glowing cloak
 37303 | Elf:2    | Got a spiked cloak
 37306 | Elf:2    | Identified the +2 cloak of Inaction {Str+4 Dex+3} (You
                  | found it on level 2 of the Elven Halls)
 37307 | Elf:2    | Identified the +2 cloak "Naryor" {rF- rC+ Stlth+} (You
                  | found it on level 2 of the Elven Halls)
 37511 | Elf:2    | Received a gift from Okawaru
 37551 | Elf:2    | Received a gift from Okawaru
 37968 | Elf:3    | Entered Level 3 of the Elven Halls
 37968 | Elf:3    | Found Fetez's Antique Weapon Shop.
 38012 | Elf:3    | Received a gift from Okawaru
 38219 | Elf:3    | Found Kuidas's Antique Armour Shop.
 38286 | Elf:3    | Cast into level 2 of the Abyss (a deep elf sorcerer)
 38408 | Abyss:2  | Noticed a hellephant
 38409 | Abyss:2  | Found a corrupted altar of Lugonu.
 38412 | Abyss:2  | HP: 4/142 [hellephant/blast of flame (71)]
 38425 | Abyss:2  | Killed a hellephant
 38427 | Abyss:2  | HP: 2/142 [freezing wraith (11)]
 38488 | Abyss:2  | Received a gift from Okawaru
 38501 | Elf:3    | Escaped the Abyss
 38507 | Elf:3    | Killed from afar by a deep elf annihilator

Illustrated notes

Levels and vault maps discovered:
D:1:      dpeg_arrival_brainrot, layout_basic
D:2:      minmay_chambers_of_twos, layout_basic, hangedman_glass_teeth,
          uniq_sigmund, uniq_jessica
D:3:      layout_loops_corners, chequers_temple_overflow_statue_of_worship,
          bh_walls_and_bars, uniq_crazy_yiuf_cottage
D:4:      layout_rooms, kennysheep_mini, biasface_ghost_orc_armoury
D:5:      layout_cave_pools, first_ration
D:6:      layout_cave_pods, tso_oasis_becter, uniq_pikel, uniq_duvessa
D:7:      layout_gridville, minmay_temple_entry_statues_pillars
D:8:      layout_loops_corners, serial_shops, shop
D:9:      layout_roguey, due_lair_maze_entry_diamond
D:10:     layout_basic, orc_0_dummy, serial_shops, shop,
          nicolae_shop_statue_plus, grunt_ogre_cave, kennysheep_pointless_box,
          library_closet, uniq_snorg, uniq_nergalle
D:11:     layout_long_grid, serial_shops, shop
D:12:     layout_irregular_city
D:13:     layout_loops_ring, grunt_vaults_entry_tiered
D:14:     layout_loops_corners, grunt_decor_mini_mirrors, enter_bailey_3
D:15:     hangedman_depths_entry_try_elsewhere_first, layout_cave_pools,
          serial_shops, shop, serial_glass, glass_columns_b, glass_columns_a,
          uniq_nessos, uniq_roxanne
Lair:1:   layout_regular_city, beast_lair_carwin_2, infiniplex_staircase_pool_2,
          grunt_megastairs_4
Lair:2:   layout_chaotic_city, nicolae_swamp_entry_splash_gauntlet,
          guppyfry_snake_entry_island, uniq_urug
Lair:3:   regret_index_harrowing_hell_hive, layout_small_grid,
          zaba_antful_of_joy
Lair:4:   layout_layer_cave
Lair:5:   layout_layer_cave, slime_altar_2
Lair:6:   cheibrodos_lair_end_hotspot, layout_regular_city, basic_altar,
          eino_small_chamber_without_monster
Swamp:1:  layout_falls_marsh, evilmike_swamp_ruin_house_4, uniq_louise
Swamp:2:  layout_falls_marsh, portal_ice_cave_entry_pillars_1,
          nicolae_swamp_very_dense_foliage, swamp_pool1
Swamp:3:  layout_basic_swamp, nicolae_swamp_stair_fork,
          infiniplex_staircase_pool
Swamp:4:  swamp_fiery, layout_basic_swamp, uniq_donald, uniq_nikola
Snake:1:  layout_basic, serial_shops, nicolae_shop_statue_plus
Snake:2:  layout_chambers, basic_altar, drop_trap, nicolae_snake_shapes
Snake:3:  layout_gridlike
Snake:4:  snake_pit, layout_cave_shapes, grunt_megastairs_2, uniq_vashnia
Orc:1:    layout_diamond_mine, mines2_david
Orc:2:    grunt_orc_tribal_feast, layout_diamond_mine, basic_altar,
          nicolae_orc_lost_temple
Elf:1:    layout_onion_city, serial_shops, nicolae_shop_trees,
          minmay_elf_necromancy, minmay_elf_demonology
Elf:2:    layout_onion_city, serial_shops, shop, shop, shop,
          gammafunk_ghost_tricky_traps
Elf:3:    minmay_elf_hall_statues, layout_onion_city, serial_shops,
          shop_fountains, shop, nicolae_shop_overgrown_old_shop,
          nicolae_elf_v_pinch, hex_medium, laboratory

Skill      XL: |  1  2  3  4  5  6  7  8  9 10 11 12 13 14 15 16 17 18 19 20 |
---------------+-------------------------------------------------------------+-----
Maces & Flails | 3 5 6 7 9 11 13 14 15 16 17 | 17.3
Shields        | 4 5 6 11 14 15 16 18 19 20 21 | 21.3
Fighting       | 4 5 6 9 10 12 14 17 19 21 | 21.0
Armour         | 5 6 8 10 | 10.0
Throwing       | 2 5 |  5.5
Invocations    | 5 |  5.2
Evocations     | 4 6 |  6.1
Spellcasting   | 5 |  5.0

Action                   |  1- 3 |  4- 6 |  7- 9 | 10-12 | 13-15 | 16-18 | 19-21 || total
-------------------------+-------+-------+-------+-------+-------+-------+-------++-------
Melee: Flail             |   111 |   210 |   157 |       |       |       |       ||   478
       Whip              |       |       |   269 |       |       |       |       ||   269
       Unarmed           |       |       |     6 |       |       |       |       ||     6
       Mace              |       |       |    33 |   783 |  1648 |    51 |       ||  2515
       Morningstar       |       |       |       |       |       |   606 |       ||   606
       Eveningstar       |       |       |       |       |       |  1162 |   967 ||  2129
Throw: Dart              |       |       |     9 |       |       |       |       ||     9
Invok: Heroism           |       |       |       |     1 |     1 |       |       ||     2
 Abil: Evoke Flight      |       |       |       |     1 |       |       |       ||     1
       Fly               |       |       |       |       |     1 |       |       ||     1
       Stop Flying       |       |       |       |       |       |       |     1 ||     1
Evoke: Wand              |       |       |     2 |     2 |     9 |     2 |       ||    15
  Use: Potion            |     5 |     2 |     1 |     2 |     3 |       |     7 ||    20
       Scroll            |     3 |       |       |     7 |    25 |    18 |     6 ||    59
 Stab: Confused          |       |       |       |       |       |     3 |     1 ||     4
       Distracted        |       |       |       |       |       |     1 |       ||     1
       Petrifying        |       |       |       |       |       |       |     1 ||     1
  Eat: Chunk             |     1 |     6 |    12 |    21 |    34 |    25 |    11 ||   110
       Ration            |       |       |       |       |     2 |     2 |     1 ||     5
Armor: Scale mail        |    69 |   127 |   178 |   373 |    77 |       |       ||   824
       Skin              |       |    34 |     1 |       |       |       |       ||    35
       Crystal plate arm |       |       |       |       |   588 |   860 |   407 ||  1855
Dodge: Dodged            |    32 |    75 |    86 |   269 |   201 |    19 |     9 ||   691
Block: Kite shield       |    74 |   122 |   180 |   454 |  1200 |  2822 |  1592 ||  6444
       Reflection        |       |       |       |       |       |   122 |   177 ||   299
